AoeStats
← Chiripa605

Arena

507855101Analyzed
3v3 RM · 13d ago on Sep 19, 2026· 41m 39s· 6 players
Game mode
Random Map
Map size
Normal (6 player)
Population
200
Speed
Normal
Resources
Standard
Victory
Conquest
Starting age
Dark Age
Ending age
Imperial Age
RankedLock teamsTeams togetherTeam positionsShared explorationLock speedFull tech treeHidden civsTurbo modeCheats
Victory
Defeat
🇺🇸 Britons · United States
1369
+14
🇮🇪 Bohemians · Ireland
1297
+17
🇪🇸 Poles · Spain
1297
+17
🇦🇺 Britons · Australia
1379
-18
🇦🇺 Japanese · Australia
1311
-16
🇧🇩 Burmese · Bangladesh
1270
-14
Alejandro_Cao
11:38 Feudal Age
12:55 Loom
16:06 Castle Age
13:59 Horse Collar
14:58 Double-Bit Axe
17:03 Heavy Plow
17:19 Bow Saw
17:42 Fletching
25:41 Bodkin Arrow
29:18 Town Watch
31:32 Wheelbarrow
38:21 Wheelbarrow
40:22 Imperial Age
40:30 Cavalier
41:21 Bloodlines
41:34 Conscription
41:24 Light Cavalry
42:05 Husbandry
Chiripa605
10:40 Feudal Age
14:27 Castle Age
12:50 Double-Bit Axe
15:34 Bow Saw
15:41 Loom
15:56 Horse Collar
19:49 Heavy Plow
21:58 Wheelbarrow
23:51 Town Watch
25:12 Hand Cart
24:51 Pikeman
29:38 Imperial Age
28:22 Ballistics
28:54 Fletching
28:52 Crossbowman
31:25 Two-Man Saw
30:22 Bodkin Arrow
31:29 Chemistry
29:53 Arbalester
31:27 Conscription
31:52 Bracer
32:49 Squires
32:44 Halberdier
33:31 Halberdier
35:08 Padded Archer Armor
36:28 Leather Archer Armor
38:49 Ring Archer Armor
40:07 Yeomen
40:51 Siege Engineers
41:28 Elite Skirmisher
TheBlackStuff
10:56 Feudal Age
14:35 Castle Age
12:30 Double-Bit Axe
14:45 Horse Collar
15:32 Heavy Plow
16:09 Loom
19:16 Fervor
23:45 Wheelbarrow
22:56 Town Watch
23:42 Bow Saw
25:47 Elite Skirmisher
26:25 Fletching
29:52 Imperial Age
28:56 Chemistry
28:42 Bodkin Arrow
28:49 Padded Archer Armor
30:37 Bracer
32:33 Two-Man Saw
32:49 Ballistics
34:31 Leather Archer Armor
34:34 Siege Engineers
37:37 Hand Cart
37:34 Wagenburg Tactics
37:50 Conscription
37:13 Elite Hussite Wagon
AoBD I Ruman
10:38 Feudal Age
11:27 Loom
14:40 Castle Age
13:58 Horse Collar
16:32 Bloodlines
16:23 Husbandry
21:55 Light Cavalry
24:25 Stone Mining
28:53 Gold Mining
29:50 Wheelbarrow
32:18 Imperial Age
30:42 Gold Shaft Mining
30:21 Scale Barding Armor
30:34 Heavy Plow
30:47 Forging
30:47 Pikeman
31:13 Gambesons
31:28 Squires
31:30 Scale Mail Armor
32:45 Iron Casting
32:35 Halberdier
33:53 Conscription
36:54 Padded Archer Armor
36:46 Onager
Casualstone
10:55 Feudal Age
14:38 Castle Age
12:57 Double-Bit Axe
15:13 Horse Collar
17:06 Gold Mining
20:44 Fletching
22:26 Bodkin Arrow
25:07 Wheelbarrow
25:50 Padded Archer Armor
27:20 Leather Archer Armor
27:26 Gold Mining
30:48 Imperial Age
28:05 Loom
29:53 Bow Saw
30:48 Ballistics
31:17 Yeomen
31:01 Stone Mining
31:34 Bracer
32:38 Chemistry
33:05 Ring Archer Armor
33:54 Elite Longbowman
35:17 Hand Cart
35:24 Scale Barding Armor
38:36 Two-Man Saw
37:37 Heavy Plow
40:11 Chain Barding Armor
39:38 Light Cavalry
40:19 Husbandry
41:21 Forging
JTownThunder
10:37 Feudal Age
13:21 Loom
16:06 Castle Age
15:38 Double-Bit Axe
17:30 Bow Saw
22:59 Horse Collar
28:55 Fletching
31:14 Scale Mail Armor
33:23 Wheelbarrow
35:23 Chain Mail Armor
39:55 Heavy Plow
42:57 Imperial Age
Connection lost

Rejoining the realm…

Still unreachable

The connection could not be restored.

Session expired

The server has moved on; the page needs a fresh start.